[Event "Early-Titled-Tuesday-Blitz-January-16-2024"]
[Site "Chess.com"]
[Date "2024.01.16"]
[Round "5"]
[White "JaloliddinIlkhomi"]
[Black "queen_iryna"]
[Result "1-0"]
[WhiteElo "2715"]
[BlackElo "2345"]
[TimeControl "180+1"]
[EndTime "8:56:40 PST"]
[Termination "JaloliddinIlkhomi won by resignation"]

1. Nf3 d6 2. d4 g6 3. c4 Bg7 4.
Nc3 Nc6 5. e4 e5 6. dxe5 Nxe5 7. Nxe5 Bxe5 8. Be3 Nf6 9. Bd4 Qe7 10.
f3 Be6 11. Be2 Nd7 12. Qd2 Qh4+ 13. Bf2 Qf6 14. Be3 Nb6 15. f4 Bxc3 16. bxc3 Qe7 17. O-O O-O 18. f5 Bxc4 19. Bxb6 Bxe2 20. f6 Qxe4 21. Qh6 1-0

[Event "Early-Titled-Tuesday-Blitz-January-16-2024"]
[Site "Chess.com"]
[Date "2024.01.16"]
[Round "5"]
[White "inagreV"]
[Black "SmirnovTimofey2000"]
[Result "1-0"]
[WhiteElo "2382"]
[BlackElo "1997"]
[TimeControl "180+1"]
[EndTime "8:56:41 PST"]
[Termination "inagreV won by resignation"]

1. d4 d5 2. c4 c6 3. Nc3 Nf6 4. Bg5 e6 5. e3 a6 6. a3 Be7 7. Qc2 h6 8. Bh4 Nbd7 9. Rd1 O-O 10. Nf3 Qc7 11. Bd3 e5 12. cxd5 cxd5 13. Nxd5 Qxc2 14.
Nxe7+ Kh8 15. Bxc2 exd4 16. Rxd4 Re8 17. Nf5 b5 18.
Nd6 Re6 19. Bb3 Rb8 20. Nxf7+ Kh7 21. Bxe6 1-0

[Event "Early-Titled-Tuesday-Blitz-January-16-2024"]
[Site "Chess.com"]
[Date "2024.01.16"]
[Round "5"]
[White "Yaacovn"]
[Black "KNVB"]
[Result "1-0"]
[WhiteElo "2890"]
[BlackElo "2681"]
[TimeControl "180+1"]
[EndTime "8:56:49 PST"]
[Termination "Yaacovn won on time"]

1. d4 Nf6 2. e3 e6 3. Bd3 b6 4. f4 Bb7 5. Nf3 c5 6. O-O Be7 7. c3 cxd4 8. exd4 Ba6 9. Bxa6 Nxa6 10. f5 exf5 11. Qd3 Qc8 12. Qxf5 O-O 13. Bg5 d6 14.
Qd3 Nc7 15. Nbd2 Re8 16. Rae1 Qd7 17. Nh4 h6 18. Rxe7 Qxe7 19. Bxf6 Qe3+ 20. Qxe3 Rxe3 21.
Bxg7 Re2 22. Bxh6 Nd5 23. Nf5 b5 24. Ng3 Re6 25. Bf4 1-0

[Event "Early-Titled-Tuesday-Blitz-January-16-2024"]
[Site "Chess.com"]
[Date "2024.01.16"]
[Round "5"]
[White "LeoWin2012"]
[Black "Statham_01"]
[Result "0-1"]
[WhiteElo "2243"]
[BlackElo "2544"]
[TimeControl "180+1"]
[EndTime "8:56:49 PST"]
[Termination "Statham_01 won by checkmate"]

1. e4 e6 2. d4 d5 3. Nc3 Nf6 4. e5 Nfd7 5. f4 c5 6. Nf3 Nc6 7. Be3 Be7 8. Qd2 O-O 9. h4 f6 10. O-O-O c4 11. Be2 b5 12. g4 b4 13. Nb1 Qa5 14.
f5 Qxa2 15. fxe6 Nb6 16. exf6 Na4 17. c3 Na5 18. Rdf1 Nb3+ 19. Kd1 Qxb1+ 20. Qc1 Nxb2+ 21.
Ke1 Nxc1 22. fxe7 Nxe2+ 23. Kxe2 Qd3+ 24. Kf2 Rxf3+ 25. Kxf3 Bxe6 26. Re1 Qe4+ 27. Kf2 Nd3+ 28. Kg3 Qxg4+ 29. Kh2 Qh3+ 30. Kg1 Qg3+ 31. Kf1 Qxe1+ 32. Kg2 Qe2+ 33. Kg1 Qxe3+ 34. Kg2 Bh3+ 35. Rxh3 Nf4+ 36.
Kh1 Qxh3+ 37. Kg1 Qg2# 0-1

[Event "Early-Titled-Tuesday-Blitz-January-16-2024"]
[Site "Chess.com"]
[Date "2024.01.16"]
[Round "5"]
[White "ylr5000"]
[Black "pavet"]
[Result "1/2-1/2"]
[WhiteElo "2459"]
[BlackElo "2778"]
[TimeControl "180+1"]
[EndTime "8:56:50 PST"]
[Termination "Game drawn by repetition"]

1. d4 Nf6 2. c4 g6 3. Nc3 d5 4. cxd5 Nxd5 5. e4 Nxc3 6. bxc3 Bg7 7. Bc4 c5 8. Ne2 O-O 9. O-O Nc6 10. Be3 Bg4 11. f3 Bd7 12. d5 Ne5 13. Bb3 c4 14. Bc2 Bb5 15. Nd4 Ba6 16. Qd2 Rc8 17. Bh6 Nd3 18. Bxg7 Kxg7 19. f4 Qd6 20. Rf3 e6 21.
dxe6 fxe6 22. e5 Qd5 23. Raf1 Rcd8 24. Qe3 b6 25. Rg3 Bb7 26. Bd1 Nc5 27. Bf3 Qd7 28. Bxb7 Qxb7 29. f5 exf5 30. Nxf5+ Kh8 31. Nd6 Rxf1+ 32.
Kxf1 Rf8+ 33. Kg1 Qd5 34. h3 Qd1+ 35. Kh2 Rf1 36. Rxg6 hxg6 37. Qh6+ Kg8 38. Qxg6+ Kh8 39. Qh6+ Kg8 40. Qg6+ Kh8 41. Qh6+ Kg8 42. Qg6+ 1/2-1/2

[Event "Early-Titled-Tuesday-Blitz-January-16-2024"]
[Site "Chess.com"]
[Date "2024.01.16"]
[Round "5"]
[White "djano"]
[Black "Yurasova_Daria"]
[Result "1-0"]
[WhiteElo "2635"]
[BlackElo "2460"]
[TimeControl "180+1"]
[EndTime "8:56:56 PST"]
[Termination "djano won by resignation"]

1. e4 e5 2. Nf3 Nc6 3. d4 exd4 4. Nxd4 Nf6 5. Nxc6 bxc6 6. e5 Qe7 7. Qe2 Nd5 8.
c4 Ba6 9. h4 Nb6 10. b3 f6 11.
Rh3 O-O-O 12. Bb2 fxe5 13. Nc3 d6 14. O-O-O Kb8 15. Rhd3 g6 16. g3 Bh6+ 17. Kb1 Rhf8 18. Bg2 Qf7 19. Ne4 c5 20. Nxc5 Bc8 21. Ne4 Nd7 22.
c5 dxc5 23. Nxc5 Qxf2 24. Qe4 Nb6 25. Rxd8 Rxd8 26. Na6+ 1-0

[Event "Early-Titled-Tuesday-Blitz-January-16-2024"]
[Site "Chess.com"]
[Date "2024.01.16"]
[Round "5"]
[White "DamianoLew95"]
[Black "KuzubovYuriy"]
[Result "0-1"]
[WhiteElo "2669"]
[BlackElo "2880"]
[TimeControl "180+1"]
[EndTime "8:56:58 PST"]
[Termination "KuzubovYuriy won by resignation"]

1. e4 e6 2. Nf3 d5 3. exd5 exd5 4.
d4 Bg4 5. h3 Bh5 6. c4 Nf6 7.
Nc3 Bb4 8. Qb3 Nc6 9. cxd5 Nxd5 10. Be3 O-O 11. Bc4 Na5 12. Bxd5 Nxb3 13. Bxb3 c5 14.
dxc5 Bxf3 15. gxf3 Qf6 16. O-O-O Bxc3 17. bxc3 Qxc3+ 18. Kb1 b6 19. Rd7 bxc5 20. Rc1 Qf6 21. Rxc5 Qxf3 22.
Rcc7 Rab8 23. Kb2 a5 24. Rd4 Qxh3 25. Rf4 Qe6 26. Bc5 Qe5+ 0-1

[Event "Early-Titled-Tuesday-Blitz-January-16-2024"]
[Site "Chess.com"]
[Date "2024.01.16"]
[Round "5"]
[White "Arimin1329"]
[Black "ScofieldMichael01"]
[Result "0-1"]
[WhiteElo "2418"]
[BlackElo "2599"]
[TimeControl "180+1"]
[EndTime "8:56:59 PST"]
[Termination "ScofieldMichael01 won by resignation"]

1. Nf3 c5 2. g3 Nc6 3. Bg2 g6 4. O-O Bg7 5. c4 e5 6. Nc3 d6 7. Ne1 Be6 8. d3 Nge7 9. Bg5 O-O 10. Nc2 h6 11. Bxe7 Nxe7 12. Bxb7 Rb8 13. Bg2 Rxb2 14. Nb5 a6 15. Qc1 e4 16. d4 Bxc4 17. Qxb2 axb5 18. Rfe1 f5 19. Rad1 Nc6 20. e3 Qa5 21. Na3 Bd3 22. Qb3+ Kh7 23. dxc5 dxc5 24. h4 Ne5 25. h5 gxh5 26. Nb1 c4 27. Qc3 Nf3+ 28.
Bxf3 Bxc3 29. Nxc3 Qxc3 30. Bxh5 b4 0-1

[Event "Early-Titled-Tuesday-Blitz-January-16-2024"]
[Site "Chess.com"]
[Date "2024.01.16"]
[Round "5"]
[White "mertfelin"]
[Black "shirovin"]
[Result "1-0"]
[WhiteElo "2230"]
[BlackElo "1979"]
[TimeControl "180+1"]
[EndTime "8:57:00 PST"]
[Termination "mertfelin won by resignation"]

1. e4 c5 2. Nf3 d6 3. Bb5+ Nd7 4. c4 a6 5. Ba4 e6 6. Nc3 Nf6 7. h3 Be7 8. d3 O-O 9. Be3 b6 10. Rb1 Bb7 11. O-O Qc7 12. a3 d5 13. exd5 exd5 14.
cxd5 Bxd5 15. Nxd5 Nxd5 16. Bd2 b5 17. Bb3 N7f6 18.
Re1 Rad8 19. Rc1 Rfe8 20. Qc2 Nf4 21. Ne5 N6d5 22. Bxf4 Nxf4 23. Bxf7+ Kf8 24. Bxe8 Rxe8 25. d4 Qb7 26. Qf5+ Bf6 27. Qxf4 cxd4 28. Qxd4 Qc7 29. Rxc7 1-0

[Event "Early-Titled-Tuesday-Blitz-January-16-2024"]
[Site "Chess.com"]
[Date "2024.01.16"]
[Round "5"]
[White "semchik73"]
[Black "iturrizaga"]
[Result "0-1"]
[WhiteElo "2417"]
[BlackElo "3035"]
[TimeControl "180+1"]
[EndTime "8:57:03 PST"]
[Termination "iturrizaga won by checkmate"]

1. Nf3 Nf6 2. c4 g6 3. d4 c5 4. e3 cxd4 5. exd4 d5 6. Nc3 Bg7 7.
c5 O-O 8. Be2 Nc6 9. O-O Ne4 10.
Be3 e6 11. Qb3 Bd7 12. Rfd1 f5 13. Rac1 h6 14. Nxe4 fxe4 15. Ne5 Nxe5 16. dxe5 Bc6 17. f3 Bxe5 18. fxe4 Qh4 19. Bf3 Qxh2+ 20. Kf1 Rxf3+ 21.
gxf3 Rf8 22. Bf2 Bb5+ 23. Ke1 Bg3 24. Bxg3 Qe2# 0-1

[Event "Early-Titled-Tuesday-Blitz-January-16-2024"]
[Site "Chess.com"]
[Date "2024.01.16"]
[Round "5"]
[White "DraningWaterHi"]
[Black "Mikhail_Golubev"]
[Result "1-0"]
[WhiteElo "2174"]
[BlackElo "2526"]
[TimeControl "180+1"]
[EndTime "8:57:03 PST"]
[Termination "DraningWaterHi won on time"]

1. d4 Nf6 2. Bf4 d6 3. e3 Nbd7 4. Nf3 Nh5 5. Bg5 h6 6. Bh4 g5 7. Bg3 Bg7 8. c4 c5 9. Nc3 g4 10. Nh4 cxd4 11. exd4 Qb6 12. Nd5 Qa5+ 13. b4 Qd8 14.
Qxg4 Ne5 15. Qxh5 Bg4 16. Nf5 Bxh5 17. Nxg7+ Kf8 18. Nxh5 Nc6 19. Rd1 e6 20. Ne3 Rg8 21. c5 dxc5 22. dxc5 Qg5 23. Bd6+ Ke8 24. Be2 Rd8 25.
h4 Qg6 26. Ng4 Rxd6 27. cxd6 Kd8 28. Nhf6 Rh8 29. h5 Qg5 30. O-O Ne5 31. f4 1-0

[Event "Early-Titled-Tuesday-Blitz-January-16-2024"]
[Site "Chess.com"]
[Date "2024.01.16"]
[Round "5"]
[White "Massakru"]
[Black "ErikRonka"]
[Result "0-1"]
[WhiteElo "2315"]
[BlackElo "2530"]
[TimeControl "180+1"]
[EndTime "8:57:03 PST"]
[Termination "ErikRonka won by resignation"]

1. e4 e6 2. d4 d5 3. Nc3 Nf6 4. e5 Nfd7 5. f4 c5 6. Nf3 Nc6 7.
Be3 cxd4 8. Nxd4 Bc5 9. Qd2 O-O 10. O-O-O a6 11. Qf2 Bxd4 12. Bxd4 b5 13. Kb1 b4 14. Ne2 a5 15. Bc5 Nxc5 16. Qxc5 Qd7 17. Nd4 Nxd4 18.
Rxd4 Ba6 19. Bxa6 Rxa6 20. Rd2 Rc8 21. Qf2 Rac6 22. Rhd1 a4 23. f5 b3 24. cxb3 axb3 25.
axb3 Qc7 26. Rd4 Rc1+ 27. Rxc1 Qxc1+ 28. Ka2 Rc2 29. Qxc2 Qxc2 30. g4 h6 31. b4 Qc7 32.
fxe6 Qa7+ 0-1

[Event "Early-Titled-Tuesday-Blitz-January-16-2024"]
[Site "Chess.com"]
[Date "2024.01.16"]
[Round "5"]
[White "wonderfultime"]
[Black "SaraBlackPanther"]
[Result "1-0"]
[WhiteElo "2990"]
[BlackElo "2727"]
[TimeControl "180+1"]
[EndTime "8:57:05 PST"]
[Termination "wonderfultime won by resignation"]

1. d4 Nf6 2. Nf3 g6 3. Bg5 Bg7 4. Nbd2 O-O 5. c3 d6 6. e4 c5 7. dxc5 dxc5 8. Bc4 Nc6 9. Qe2 Qc7 10. O-O Na5 11.
Bd3 h6 12. Bh4 Nh5 13. Qe3 g5 14. Bg3 Nxg3 15. hxg3 b6 16. Rfe1 Nc6 17. e5 g4 18.
Qe4 Rd8 19. e6 Bxe6 20. Nh4 Ne5 21. Qh7+ Kf8 22. Bf5 Bd5 23. Nf1 e6 24. Ne3 exf5 25.
Nexf5 f6 26. Rxe5 1-0

[Event "Early-Titled-Tuesday-Blitz-January-16-2024"]
[Site "Chess.com"]
[Date "2024.01.16"]
[Round "5"]
[White "hakanazeri2"]
[Black "InitiatingASC"]
[Result "1-0"]
[WhiteElo "2537"]
[BlackElo "2413"]
[TimeControl "180+1"]
[EndTime "8:57:07 PST"]
[Termination "hakanazeri2 won by checkmate"]

1. Nf3 d5 2. d4 e6 3. c4 c5 4. cxd5 cxd4 5. dxe6 Bxe6 6. Nxd4 Bb4+ 7. Nc3 Nc6 8. e3 Nxd4 9. exd4 Qa5 10. Bd2 O-O-O 11. a3 Be7 12. Rc1 Kb8 13. Nb5 Qb6 14. Bf4+ Bd6 15.
Nxd6 Rxd6 16. Qc2 Ne7 17. Qc5 Nc8 18. Qxb6 axb6 19. Rxc8+ Kxc8 20. Bxd6 Kd7 21. Be5 Rc8 22. Bb5+ Ke7 23. Kd2 f6 24. Bf4 Bd5 25. Re1+ Kf7 26.
f3 g5 27. Bd6 h5 28. Re7+ Kg6 29. Be8+ Kh6 30. g4 h4 31. Bd7 Rd8 32. Bf5 Rxd6 33. Rh7# 1-0

[Event "Early-Titled-Tuesday-Blitz-January-16-2024"]
[Site "Chess.com"]
[Date "2024.01.16"]
[Round "5"]
[White "alekroth65"]
[Black "pfalcon1949"]
[Result "1-0"]
[WhiteElo "2361"]
[BlackElo "1976"]
[TimeControl "180+1"]
[EndTime "8:57:09 PST"]
[Termination "alekroth65 won on time"]

1. d4 Nf6 2. c4 e6 3. Nf3 d5 4.
Bg5 Be7 5. e3 h6 6. Bxf6 Bxf6 7.
Nc3 b6 8. Qc2 Bb7 9. cxd5 exd5 10. Bb5+ c6 11. Bd3 Nd7 12. e4 dxe4 13. Nxe4 O-O 14.
O-O Be7 15. Rad1 Qc7 16. d5 c5 17. d6 Bxd6 18. Nxd6 Bxf3 19. gxf3 Ne5 20. Be4 Rad8 21. Nf5 Ng6 22. Ng3 Nf4 23. Rxd8 Qxd8 24. Rd1 Qh4 25. Qc4 Nh3+ 26. Kg2 Nf4+ 27. Kh1 1-0

[Event "Early-Titled-Tuesday-Blitz-January-16-2024"]
[Site "Chess.com"]
[Date "2024.01.16"]
[Round "5"]
[White "Durarbayli"]
[Black "RandomNoob04"]
[Result "1-0"]
[WhiteElo "2837"]
[BlackElo "2586"]
[TimeControl "180+1"]
[EndTime "8:57:11 PST"]
[Termination "Durarbayli won by resignation"]

1. e4 e5 2. Nf3 Nf6 3. d4 Nxe4 4. dxe5 d5 5. Nbd2 Nc5 6. Be2 Be7 7. O-O O-O 8. Re1 Ne6 9. Nf1 c5 10. Ng3 g6 11. Bh6 Re8 12. Qd2 Nc6 13. Rad1 Ncd4 14.
c3 Nxf3+ 15. Bxf3 d4 16. Ne4 Bd7 17. Nd6 Bxd6 18. exd6 Bc6 19. Bxc6 bxc6 20. Bf4 Nxf4 21. Qxf4 Qd7 22. cxd4 cxd4 23. Qxd4 Rad8 24. h3 Re6 25. Rxe6 Qxe6 26. Qxa7 Kg7 27. Qd4+ Qf6 28. Qxf6+ Kxf6 29. d7 Ke6 30. Kf1 1-0

[Event "Early-Titled-Tuesday-Blitz-January-16-2024"]
[Site "Chess.com"]
[Date "2024.01.16"]
[Round "5"]
[White "Nf3c5"]
[Black "GMRAVEN_ON_YOUTUBE"]
[Result "0-1"]
[WhiteElo "2562"]
[BlackElo "2824"]
[TimeControl "180+1"]
[EndTime "8:57:11 PST"]
[Termination "GMRAVEN_ON_YOUTUBE won on time"]

1. d4 f5 2. e4 fxe4 3. Nc3 Nf6 4. f3 d5 5. Bg5 Bf5 6. Bxf6 exf6 7. fxe4 dxe4 8. Bc4 Nc6 9. Nge2 Na5 10. Bb5+ c6 11. Ba4 b5 12. Bb3 Nxb3 13. axb3 Bd6 14. O-O Bg6 15. Nf4 Bxf4 16. Rxf4 Qd6 17. Qd2 f5 18. g4 O-O 19. gxf5 Rxf5 20. Rxe4 Raf8 21. Re2 Rf4 22. d5 b4 23. Na4 Rg4+ 24. Rg2 Rxg2+ 25. Qxg2 cxd5 26. Rd1 Rf5 27. Rd4 Qe5 28. Qd2 Rg5+ 29. Kf1 Be4 30. Qxb4 Qf4+ 0-1

[Event "Early-Titled-Tuesday-Blitz-January-16-2024"]
[Site "Chess.com"]
[Date "2024.01.16"]
[Round "5"]
[White "JonasEilenberg"]
[Black "DeArron_Fox"]
[Result "1-0"]
[WhiteElo "2538"]
[BlackElo "2416"]
[TimeControl "180+1"]
[EndTime "8:57:12 PST"]
[Termination "JonasEilenberg won by resignation"]

1. d4 d5 2. Nc3 Nf6 3. Bf4 a6 4. e3 c5 5. dxc5 e6 6. b4 a5 7. a3 Nc6 8. Bb5 Bd7 9. Bxc6 Bxc6 10. Nf3 Be7 11. O-O O-O 12. Ne5 Nd7 13. Qd4 f6 14.
Nxd7 Qxd7 15. Bg3 e5 16. Qd3 Rfd8 17. b5 Bxc5 18. bxc6 bxc6 19. e4 Qe6 20. Rfd1 Bd4 21. Rab1 Rab8 22. exd5 cxd5 23. Rxb8 Rxb8 24. Nb5 Bc5 25. Nc7 Qc6 26. Nxd5 h6 27. h3 Qa4 28. Qg6 Qxa3 29. Nxf6+ Kf8 30. Rd7 1-0

[Event "Early-Titled-Tuesday-Blitz-January-16-2024"]
[Site "Chess.com"]
[Date "2024.01.16"]
[Round "5"]
[White "Predo63"]
[Black "Kildepiotr"]
[Result "0-1"]
[WhiteElo "2501"]
[BlackElo "2669"]
[TimeControl "180+1"]
[EndTime "8:57:13 PST"]
[Termination "Kildepiotr won by resignation"]

1. d4 c5 2. c3 Nf6 3. Nf3 d5 4. Bf4 Bf5 5. e3 Nbd7 6. Nbd2 e6 7. Be2 Qb6 8. Qb3 c4 9. Qxb6 Nxb6 10. a3 Na4 11. Ra2 b5 12. Bd1 Nb6 13. Nh4 Bd3 14. Be2 Bc2 15. Bd1 Bxd1 16. Kxd1 Be7 17. Nhf3 Nfd7 18. Ne5 Nxe5 19. Bxe5 f6 20. Bc7 Na4 21. Kc2 a5 22. Rb1 Kd7 23. Bg3 Rhc8 24. Rba1 Nb6 25.
e4 dxe4 26. Nxe4 Nd5 27. h3 Ra6 28. Kd2 f5 29. Nc5+ Bxc5 30. dxc5 Rxc5 31. f3 Rc8 32. Be5 g6 33. Ke2 Rb6 34. Rd1 Ke7 35. g4 Rd8 36. Raa1 Rb7 37. Rd4 Rbd7 38. Rad1 a4 39. g5 Kf7 40. h4 Nb6 41. f4 Rxd4 42. Rxd4 Rxd4 43.
Bxd4 Nd5 44. Kf3 Ke7 45. Be5 Kd7 46. Bd4 Kc6 47. Be5 Nb6 48. Ke3 Kd5 49. Bc7 Nd7 50. Kf3 Nc5 51. Ke3 Nd3 52. Ba5 Nxb2 53. Kf3 Nd3 54.
Ke3 Ne1 55. Bc7 Nc2+ 56. Kf3 Nxa3 0-1

[Event "Early-Titled-Tuesday-Blitz-January-16-2024"]
[Site "Chess.com"]
[Date "2024.01.16"]
[Round "5"]
[White "Herman-NY"]
[Black "Aleksandar-Topalov"]
[Result "0-1"]
[WhiteElo "2475"]
[BlackElo "2311"]
[TimeControl "180+1"]
[EndTime "8:57:15 PST"]
[Termination "Aleksandar-Topalov won on time"]

1. e4 e6 2. d4 d5 3. Nd2 Nf6 4. e5 Ng8 5. Bd3 Ne7 6. c3 Qd7 7. a4 a5 8. h4 h5 9. Ndf3 b6 10. Ng5 Ba6 11. Qf3 Ng8 12. Bxa6 Nxa6 13. Ne2 c5 14.
Nf4 cxd4 15. cxd4 Nb4 16. O-O Nc2 17. Rb1 Nxd4 18. Qd3 Nf5 19. Be3 Bb4 20. Bxb6 Nxh4 21. Rbc1 Nh6 22. Rc7 Qxa4 23. Rfc1 Rd8 24. Nfxe6 fxe6 25.
Nxe6 Be7 26. b3 Qg4 27. Rxe7+ Kxe7 28. Rc7+ Kxe6 29. Rc6+ Kf7 0-1

[Event "Early-Titled-Tuesday-Blitz-January-16-2024"]
[Site "Chess.com"]
[Date "2024.01.16"]
[Round "5"]
[White "DAVIDHDZSTS"]
[Black "supereagles1201"]
[Result "0-1"]
[WhiteElo "1984"]
[BlackElo "2366"]
[TimeControl "180+1"]
[EndTime "8:57:16 PST"]
[Termination "supereagles1201 won on time"]

1. d4 d5 2. Nc3 Nf6 3. Bf4 e6 4. Nb5 Bb4+ 5. c3 Ba5 6. a4 a6 7.
Na3 c5 8. e3 Bc7 9. Bg3 Nbd7 10. Bd3 O-O 11. Nf3 b6 12. h4 Bb7 13. h5 Bxg3 14. fxg3 Ne4 15. Bxe4 dxe4 16. Nh4 Qg5 17. Qe2 Qxg3+ 18. Qf2 Qg4 19. Qe2 Nf6 20. Qxg4 Nxg4 21.
Ke2 cxd4 22. cxd4 Bd5 23. Rac1 Rac8 24. g3 Bb3 25. a5 bxa5 26. Ng2 e5 27. dxe5 Nxe5 28.
Nf4 Nf3 29. h6 g6 30. g4 Rfd8 31. Rxc8 Rxc8 32. Nb1 Rc2+ 33. Kf1 Bc4+ 0-1

[Event "Early-Titled-Tuesday-Blitz-January-16-2024"]
[Site "Chess.com"]
[Date "2024.01.16"]
[Round "5"]
[White "SharapovEvgeny"]
[Black "JMCadavid1998"]
[Result "1-0"]
[WhiteElo "2543"]
[BlackElo "2199"]
[TimeControl "180+1"]
[EndTime "8:57:20 PST"]
[Termination "SharapovEvgeny won by resignation"]

1. e4 c5 2. Nf3 d6 3. d4 Nf6 4.
Nc3 cxd4 5. Nxd4 a6 6. g3 e6 7. Bg2 Bd7 8. a4 Nc6 9. O-O Rc8 10. Nb3 Na5 11. Nxa5 Qxa5 12. Be3 Be7 13. Qd2 Qb4 14.
a5 Qxb2 15. Bd4 e5 16. Rfb1 exd4 17. Rxb2 dxc3 18. Qc1 cxb2 19. Qxb2 Bc6 20. e5 dxe5 21. Bxc6+ Rxc6 22. Qxb7 Rd6 23. c4 Bd8 24. c5 Rd7 25. Qxa6 O-O 26. c6 Rc7 27. Qb5 Be7 28. a6 Ra8 29. Qb7 Rcc8 30. Qxe7 Rxc6 31. Qb7 Rcc8 32. a7 e4 33. Rb1 h5 34. Qxc8+ Rxc8 35. Rb8 1-0

[Event "Early-Titled-Tuesday-Blitz-January-16-2024"]
[Site "Chess.com"]
[Date "2024.01.16"]
[Round "5"]
[White "KacperKacprzak"]
[Black "AryanTari"]
[Result "0-1"]
[WhiteElo "2693"]
[BlackElo "2923"]
[TimeControl "180+1"]
[EndTime "8:57:22 PST"]
[Termination "AryanTari won by resignation"]

1. e4 a6 2. d4 e6 3. Bd3 d5 4. e5 Bd7 5. a4 c5 6. c3 Nc6 7. Nf3 cxd4 8. cxd4 Nb4 9. Be2 h6 10. Nc3 Ne7 11. O-O Nf5 12. Be3 Be7 13. Na2 O-O 14. Nxb4 Bxb4 15. Qb3 Qa5 16. Rfc1 Rfc8 17. Bd3 Nxe3 18.
Rxc8+ Rxc8 19. fxe3 b5 20. Bc2 bxa4 21. Qd3 g6 22. h4 a3 23. bxa3 Rc3 24. Qe2 Rxa3 25. Rb1 Ra1 26. h5 Qa2 27. Rxa1 Qxa1+ 28. Kh2 Bb5 29. Qf2 Qb2 30. hxg6 fxg6 31. Ne1 Bxe1 32. Qf6 Qxc2 33. Qxe6+ Kf8 34. Qf6+ Ke8 35. Qe6+ Kd8 36. Qd6+ Kc8 37. e6 Qc7 0-1

[Event "Early-Titled-Tuesday-Blitz-January-16-2024"]
[Site "Chess.com"]
[Date "2024.01.16"]
[Round "5"]
[White "cristianserban1"]
[Black "campochess"]
[Result "0-1"]
[WhiteElo "2525"]
[BlackElo "2140"]
[TimeControl "180+1"]
[EndTime "8:57:25 PST"]
[Termination "campochess won by resignation"]

1. d4 Nf6 2. Bf4 g6 3. Nc3 Bg7 4. e4 d6 5. Qd2 h5 6. O-O-O c6 7. f3 b5 8. e5 dxe5 9. dxe5 Qxd2+ 10. Rxd2 Nfd7 11. e6 fxe6 12. Ne4 O-O 13. Be3 Ne5 14.
Nh3 Nbd7 15. Nhg5 Nb6 16. b3 Nf7 17. Nxf7 Rxf7 18. Ng5 Rf8 19. Bd3 Nd5 20. Bc5 Nc3 21. Bxg6 Nxa2+ 22. Kd1 Nc3+ 23. Ke1 Rf6 24. Rd8+ Bf8 25.
Bxe7 Rxg6 26. Rxf8+ Kg7 27. Nf7 Bb7 28. Nd8 Nd5 29.
Nxe6+ Rxe6+ 30. Kf2 Nxe7 0-1

[Event "Early-Titled-Tuesday-Blitz-January-16-2024"]
[Site "Chess.com"]
[Date "2024.01.16"]
[Round "5"]
[White "KorolDimitriy75"]
[Black "LeninGuerra"]
[Result "1-0"]
[WhiteElo "2357"]
[BlackElo "2646"]
[TimeControl "180+1"]
[EndTime "8:57:25 PST"]
[Termination "KorolDimitriy75 won by checkmate"]

1. d4 Nf6 2. c4 c5 3. d5 b5 4. Nd2 bxc4 5. e4 d6 6. Bxc4 Nbd7 7. b3 g6 8. Bb2 Bg7 9. Ngf3 O-O 10. O-O Nb6 11.
h3 Nfd7 12. Bxg7 Kxg7 13. Re1 a5 14. e5 Nxe5 15. Nxe5 dxe5 16. Rxe5 Ba6 17. Qe2 Bxc4 18.
bxc4 Ra7 19. Re1 Nc8 20. Qe3 Rc7 21. Qc3 Kg8 22. Qxa5 Nd6 23. Qc3 Re8 24. g4 Qa8 25.
Ne4 Nxe4 26. R1xe4 Ra7 27. Qe3 Rxa2 28. Rxe7 Rxe7 29. Rxe7 Qa4 30. Re8+ Kg7 31. Qe5+ Kh6 32. Qf4+ Kg7 33. Qe5+ Kh6 34. Qf4+ Kg7 35. Re7 Qd1+ 36. Kg2 Ra8 37. Qxf7+ Kh6 38. Qxh7+ Kg5 39. Qf7 Qd4 40. Re6 Qd3 41. Qe7+ Kh6 42. Qh4+ Kg7 43. Re7+ Kg8 44. Qh7+ Kf8 45. Qf7# 1-0

[Event "Early-Titled-Tuesday-Blitz-January-16-2024"]
[Site "Chess.com"]
[Date "2024.01.16"]
[Round "5"]
[White "Nouali_Mohamed"]
[Black "DonkyDonkyDonkey"]
[Result "1-0"]
[WhiteElo "2598"]
[BlackElo "2739"]
[TimeControl "180+1"]
[EndTime "8:57:26 PST"]
[Termination "Nouali_Mohamed won by resignation"]

1. e4 e5 2. Bc4 d5 3. Bxd5 Nf6 4. Nc3 Bc5 5. h3 c6 6. Bb3 Qb6 7. Qf3 Bd6 8. Nge2 O-O 9. d3 Be6 10. Ng3 Nbd7 11. Nf5 Bb4 12. Bd2 a5 13. Qe3 Bc5 14. Qg3 Bxf5 15. exf5 Kh8 16. Na4 Qc7 17. Nxc5 Nxc5 18.
d4 Nce4 19. Qxe5 Qd7 20. Be3 Rfe8 21. Qf4 a4 22. Bc4 Nd6 23. Bd3 Nd5 24. Qf3 a3 25. b3 Nb4 26. f6 g6 27. O-O Nxd3 28. cxd3 Nf5 29. Rfe1 Qe6 30. Bg5 Nxd4 31. Qg3 Ne2+ 32. Rxe2 Qxe2 33. Bh6 Qe5 34. Bg7+ Kg8 35. Qxe5 Rxe5 36. d4 Re2 37. f4 Rae8 38. f5 Rd2 39. Kh1 Ree2 40. Rg1 Rxd4 41. fxg6 hxg6 42. Kh2 Rxa2 43. Re1 Rd8 44. Re7 Rc2 45. Re4 Ra8 46. Rh4 1-0

[Event "Early-Titled-Tuesday-Blitz-January-16-2024"]
[Site "Chess.com"]
[Date "2024.01.16"]
[Round "5"]
[White "missponyo10"]
[Black "RaugintaBulba"]
[Result "1-0"]
[WhiteElo "2274"]
[BlackElo "2453"]
[TimeControl "180+1"]
[EndTime "8:57:26 PST"]
[Termination "missponyo10 won on time"]

1. e4 c5 2. Nf3 d6 3. d4 cxd4 4. Nxd4 Nf6 5. Nc3 Nc6 6. f4 g6 7. Nf3 Bg7 8. Bd3 O-O 9. O-O Bd7 10. Kh1 Rc8 11. Qe1 Na5 12. Qh4 Nc4 13. e5 dxe5 14.
fxe5 Ng4 15. Bg5 f6 16. exf6 exf6 17. Bc1 Nce3 18. Re1 g5 19. Qg3 Nc4 20. h3 Nge3 21. Bxe3 Nxb2 22. Nd5 Nxd3 23. cxd3 Bxh3 24. Qxh3 Qxd5 25.
d4 Rc2 26. Bg1 Rfc8 27. Re7 R2c7 28. Rae1 Rxe7 29. Qxc8+ Kf7 30. Rxe7+ Kxe7 31. Qb8 a6 32. Nh2 h5 33. Qc7+ Qd7 34. Qc5+ Kf7 35. d5 g4 36. d6 Kg6 37. Qc7 Qf5 38. d7 g3 39. d8=Q gxh2 40. Qxh2 Qg4 41. Qd3+ Kf7 42. Qc7+ Kg8 43. Qcc4+ 1-0

[Event "Early-Titled-Tuesday-Blitz-January-16-2024"]
[Site "Chess.com"]
[Date "2024.01.16"]
[Round "5"]
[White "Martial2008"]
[Black "JimDiGrease"]
[Result "0-1"]
[WhiteElo "2728"]
[BlackElo "2995"]
[TimeControl "180+1"]
[EndTime "8:57:28 PST"]
[Termination "JimDiGrease won by resignation"]

1. d4 d5 2. Nf3 Nf6 3. Bf4 c5 4. e3 Nc6 5. Nbd2 Qb6 6. dxc5 Qxb2 7. Rb1 Qc3 8. Bb5 e6 9. O-O Be7 10. e4 O-O 11. e5 Nd7 12. Nb3 Qb4 13. Nfd4 Nxd4 14.
Nxd4 Qxc5 15. Bd3 g6 16. Be3 Qc7 17. f4 Nc5 18. Qd2 Bd7 19. Kh1 Rac8 20. g4 b6 21. f5 Qxe5 22. Rbe1 Ne4 23. Qg2 Bc5 24. Nf3 Qg7 25. Bxe4 dxe4 26. Ng5 exf5 27. gxf5 Bxe3 28. f6 Qh6 29. Rxe3 Rc5 30. Rg1 Rf5 31. Rh3 Qxg5 0-1

[Event "Early-Titled-Tuesday-Blitz-January-16-2024"]
[Site "Chess.com"]
[Date "2024.01.16"]
[Round "5"]
[White "rikchessmx"]
[Black "Kotlyar_K"]
[Result "1-0"]
[WhiteElo "2350"]
[BlackElo "2546"]
[TimeControl "180+1"]
[EndTime "8:57:31 PST"]
[Termination "rikchessmx won by resignation"]

1. e4 e5 2. Nf3 Nc6 3. Bb5 a6 4. Ba4 Nf6 5. O-O Be7 6. Re1 b5 7. Bb3 O-O 8. d3 d6 9. a4 b4 10. Nbd2 a5 11. h3 Be6 12. Nc4 Nb8 13. Ng5 Bd7 14.
f4 exf4 15. Bxf4 h6 16. Nxf7 Rxf7 17. e5 Nd5 18. exd6 cxd6 19. Qf3 Bc6 20. Ne3 Nxe3 21. Bxf7+ Kxf7 22. Qxe3 Bd5 23. Qd4 Be6 24. Rxe6 Kxe6 25. Qe4+ Kf7 26. Qd5+ Kf8 27. Qxa8 Kg8 28. Qd5+ Kh8 29.
Re1 Nd7 30. d4 Nf6 31. Qe6 Bf8 32. c4 bxc3 33. bxc3 Qc7 34. Re3 Qb7 35. Bxh6 Qb1+ 36. Kh2 Qg6 37. Bf4 Nh5 38. Qxg6 1-0